 Dungeon Crawl Stone Soup version 0.30-a0-341-g682706514a (webtiles) character file.

Game seed: 11961652144347172878

102637 Muataran the Slayer (level 16, -3/167 HPs)
             Began as a Hill Orc Fighter on Nov 3, 2022.
             Was the Champion of Qazlal.
             Slain by a bog body (26 damage)
             ... on level 1 of the Swamp.
             The game lasted 01:03:04 (28282 turns).

Muataran the Slayer (Hill Orc Fighter)             Turns: 28282, Time: 01:03:05

Health: -3/167     AC: 28    Str: 25    XL:     16   Next: 33%
Magic:  37/38      EV: 10    Int: 14    God:    Qazlal [******]
Gold:   224        SH:  8    Dex: 10    Spells: 15/15 levels left

rFire   . . .      SeeInvis .    b - +5 battleaxe (freeze)
rCold   + . .      Faith    .    (shield currently unavailable)
rNeg    + + .      Spirit   .    i - +3 chain mail of Yputasm {rN++}
rPois   +          Reflect  .    Q - +2 hat {Will+}
rElec   .          Harm     .    O - +0 cloak
rCorr   .          Rampage  .    l - +2 pair of gloves
Will    +++..                    G - +1 pair of boots {Fly}
Stlth   ..........               (no amulet)
HPRegen 0.47/turn                u - +4 ring of protection
MPRegen 0.26/turn                e - ring "Zosyx" {rPois Will+ MP+9 Str+4}

@: protected from cold, flying, hasted, invisible, repel missiles, very quick
A: no striking features
a: Renounce Religion, Upheaval, Elemental Force, Disaster Area


You were on level 1 of the Swamp.
You worshipped Qazlal.
Qazlal was exalted by your worship.
You visited 5 branches of the dungeon, and saw 24 of its levels.
You visited 1 bazaar.
You also visited: Bailey, Gauntlet and Ice Cave.

You collected 2210 gold pieces.
You spent 1986 gold pieces at shops.

Inventory:

Hand Weapons
 b - a +5 battleaxe of freezing (weapon)
 c - a +0 broad axe
Missiles
 h - 17 javelins (quivered)
 F - a throwing net
 Z - 5 silver javelins
Armour
 i - the +3 chain mail of Yputasm (worn) {rN++}
   (You found it on level 1 of the Lair of Beasts)

   rN:        It greatly protects you from negative energy.
 l - a +2 pair of gloves (worn)
 G - a +1 pair of boots of flying (worn)
 O - a +0 cloak (worn)
 Q - a +2 hat of willpower (worn)
 W - +0 ice dragon scales
Jewellery
 e - the ring "Zosyx" (right hand) {rPois Will+ MP+9 Str+4}
   (You acquired it on level 6 of the Dungeon)

   [ring of poison resistance]

   Str:       It affects your strength (+4).
   rPois:     It protects you from poison.
   MP:        It affects your magic capacity (+9).
   Will:      It increases your willpower.
 u - a +4 ring of protection (left hand)
 A - a ring of resist corrosion
 U - the ring of Youthful Indiscretion {Fire rN+ Str+4}
   (You found it in a Gauntlet)

   [ring of fire]

   It enhances your fire magic.
   Str:       It affects your strength (+4).
   rF:        It protects you from fire.
   rC:        It makes you vulnerable to cold.
   rN:        It protects you from negative energy.
Wands
 s - a wand of mindburst (8)
 x - a wand of paralysis (15)
 C - a wand of flame (34)
 N - a wand of digging (12)
 R - a wand of roots (12)
 T - a wand of polymorph (8)
Scrolls
 d - 8 scrolls of teleportation
 f - 3 scrolls of blinking
 g - 3 scrolls of immolation
 j - a scroll of silence
 w - 4 scrolls of amnesia
 y - 2 scrolls of poison
 D - 5 scrolls of fog
 E - 2 scrolls of noise
 J - 3 scrolls of enchant weapon
 L - 3 scrolls of magic mapping
 M - a scroll of summoning
 P - 5 scrolls of identify
 S - 3 scrolls of fear
 V - 2 scrolls of enchant armour
Potions
 k - 3 potions of cancellation
 m - 3 potions of heal wounds
 n - 16 potions of curing
 o - 6 potions of attraction
 q - 5 potions of haste
 r - 7 potions of flight
 t - 5 potions of lignification
 v - 8 potions of brilliance
 z - 4 potions of mutation
 I - 6 potions of ambrosia
 K - 2 potions of magic
 X - 3 potions of might
 Y - a potion of resistance


   Skills:
 + Level 21.3 Fighting
 - Level 20.0 Axes
 + Level 10.8 Armour
 + Level 5.3 Dodging
 - Level 4.0 Shields
 + Level 19.1 Invocations


You had 15 spell levels left.
You didn't know any spells.
Your spell library contained the following spells:

 Spells                   Type           Power      Damage    Failure   Level
 Beastly Appendage        Tmut           0%         N/A       80%         1
 Foxfire                  Conj/Fire      0%         2x1d4     80%         1
 Freeze                   Ice            0%         1d3       80%         1
 Sandblast                Erth           0%         2d4       80%         1
 Sting                    Tmut/Pois      0%         1d3       80%         1
 Blink                    Tloc           0%         N/A       91%         2
 Cigotuvi's Dreadful Rot  Necr/Pois/Air  0%         N/A       91%         2
 Ensorcelled Hibernation  Hex/Ice        0%         N/A       91%         2
 Momentum Strike          Conj/Tloc      0%         3d8       91%         2
 Passwall                 Tmut/Erth      0%         N/A       91%         2
 Scorch                   Fire           0%         2d5       91%         2
 Static Discharge         Conj/Air       0%         2-2/arc   91%         2
 Wereblood                Tmut           0%         N/A       91%         2
 Call Canine Familiar     Summ           0%         N/A       99%         3
 Frozen Ramparts          Ice            0%         1d1       99%         3
 Hailstorm                Conj/Ice       0%         3d3       99%         3
 Lesser Beckoning         Tloc           0%         N/A       99%         3
 Portal Projectile        Hex/Tloc       0%         N/A       99%         3
 Spider Form              Tmut/Pois      0%         N/A       99%         3
 Stone Arrow              Conj/Erth      0%         3d7       99%         3
 Vhi's Electric Charge    Tloc/Air       0%         N/A       99%         3
 Anguish                  Hex/Necr       0%         N/A       100%        4
 Animate Armour           Summ/Erth      0%         N/A       100%        4
 Dispel Undead            Necr           0%         3d6       100%        4
 Flame Wave               Conj/Fire      0%         2d4       100%        4
 Ice Form                 Ice/Tmut       0%         N/A       100%        4
 Leda's Liquefaction      Hex/Erth       0%         N/A       100%        4
 Manifold Assault         Tloc           0%         N/A       100%        4
 Petrify                  Tmut/Erth      0%         N/A       100%        4
 Alistair's Intoxication  Tmut/Pois      0%         N/A       100%        5
 Arcjolt                  Conj/Air       0%         1d10      100%        5
 Blade Hands              Tmut           0%         N/A       100%        5
 Borgnjor's Vile Clutch   Necr/Erth      0%         N/A       100%        5
 Fireball                 Conj/Fire      0%         3d3       100%        5
 Freezing Cloud           Conj/Ice/Air   0%         6-21      100%        5
 Irradiate                Conj/Tmut      0%         3d11      100%        5
 Lightning Bolt           Conj/Air       0%         1d11      100%        5
 Metabolic Englaciation   Hex/Ice        0%         N/A       100%        5
 Yara's Violent Unravell  Hex/Tmut       0%         3d3       100%        5
 Death Channel            Necr           0%         N/A       100%        6
 Iron Shot                Conj/Erth      0%         9d1       100%        6
 Simulacrum               Ice/Necr       0%         N/A       100%        6
 Starburst                Conj/Fire      0%         6d3       100%        6
 Statue Form              Tmut/Erth      0%         N/A       100%        6
 Summon Cactus Giant      Summ           0%         N/A       100%        6
 Dragon Form              Tmut           0%         N/A       100%        7
 Enfeeble                 Hex            0%         N/A       100%        7
 Haunt                    Necr/Summ      0%         N/A       100%        7
 Storm Form               Tmut/Air       0%         N/A       100%        7
 Lehudib's Crystal Spear  Conj/Erth      0%         10d2      100%        8
 Maxwell's Capacitive Co  Air            0%         ∞         100%        8
 Polar Vortex             Ice            0%         N/A       100%        9


Dungeon Overview and Level Annotations

Branches:
Dungeon (15/15)            Temple (1/1) D:6            Lair (5/5) D:10
  Swamp (1/4) Lair:3        Snake (0/4) Lair:3        Slime (0/5) Lair:5
    Orc (2/2) D:11            Elf (0/3) Orc:2        Vaults (0/5) D:13
 Depths (0/4) D:15         Bailey (visited)           IceCv (visited)
Gauntlet (visited)

Altars:
Ashenzari
Cheibriados
Dithmenos
Elyvilon
Fedhas
Hepliaklqana
Makhleb
Nemelex Xobeh
Okawaru
Qazlal
Ru
Sif Muna
Uskayaw
Wu Jian
Xom
Zin
The Shining One
Jiyva

Shops:
D:6 !   Orc:2 [?[?

Annotations:
D:4 2 transporters
D:6 1 runed translucent door, Crazy Yiuf
Lair:2 3 runed translucent doors, HilariousDeathArtist's ghost, journeyman MeFi
Lair:5 exclusion: 3 oklob plants


Message History

* * * LOW HITPOINT WARNING * * *
Press: ? - help, v - describe, . - travel
Here: Donald, wielding a +1 double sword of distortion, wearing a +9 plate armour of ponderousness and wearing a +2 kite shield (severely wounded, fast, strong, covered in acid)
The floor.
Unknown command.
You fade into invisibility!
Donald hits you with a +1 double sword of distortion.
* * * LOW HITPOINT WARNING * * *
Space warps around you.
* * * LOW HITPOINT WARNING * * *
You strike the helpless Donald from behind!
You hit Donald. You freeze Donald.
Donald is severely wounded.
Donald says, "At least there's some dry land.
I hate getting wet."
You block Donald's attack.
You catch the helpless Donald completely off-guard!
You hit Donald but do no damage.
Donald is severely wounded.
Donald is no longer covered in acid.
You slice Donald!! You freeze Donald!
You kill Donald!
Qazlal accepts your kill.
You start resting.
You hear a roar! x2
A bog body comes into view.
You see here 19 gold pieces.
You hear a roar!
You catch the helpless bog body completely off-guard!
You slash the bog body! You freeze the bog body.
The bog body is moderately damaged.
You barely miss the bog body.
The bog body is moderately damaged.
You completely miss the bog body.
The bog body is moderately damaged.
The bog body touches you!
* * * LOW HITPOINT WARNING * * *
The bog body freezes you!!
Your resistance to physical damage fades away.
You feel protected from cold.
You die...

♣♣♣♣♣♣♣ ♣ ~~♣♣~~♣
♣~♣♣♣ ~§~~~.♣ .~§.
~.~..♣♣ ~~♣ .~~.♣♣
♣~♣ .~~♣♣ ♣♣~♣♣♣♣
~>~♣ ♣♣♣ ♣..○~~♣
♣~♣♣♣♣~♣♣♣ ♣.§§†○♣
....~~~..♣♣♣♣..n@♣
~~÷.§~~~..♣♣♣♣~♣♣♣
~~)<÷††..~.~~~♣♣
..÷♣....~~~~~.~♣
♣♣♣♣.~~~~~~~~..~.~~
♣....~~~~~~~.♣~.~~.~
♣....~~.~~~~.♣♣.~....
♣~~~~~§~~~~.♣♣ ......
♣..~~~~~§~..♣ .~.~..


You could see a bog body (unable to see you).

Vanquished Creatures
  Gastronok (D:10)
  Donald (Swamp:1)
  A very ugly thing (D:15)
  An eleionoma (Swamp:1)
  A minotaur (Gauntlet)
  Snorg (Lair:4)
  A bunyip (Swamp:1)
  A great orb of eyes (D:15)
  An ogre mage (Orc:2)
  Erolcha (Orc:1)
  7 hydras
  4 vault guards (D:13)
  5 centaur warriors
  A death scarab (Gauntlet)
  12 two-headed ogres
  5 boulder beetles
  2 tengu warriors
  11 death yaks
  Amaemon (D:8)
  4 bog bodies
  2 wizards (D:13)
  A flayed ghost (D:15)
  An obsidian statue (Gauntlet)
  A deep elf archer (D:13)
  4 orc knights
  Pikel (D:6)
  A deep elf pyromancer (D:14)
  14 ugly things
  4 cyclopes
  3 manticores
  10 elephants
  A molten gargoyle (D:14)
  An ice statue (IceCv)
  7 black mambas
  An orange demon (D:8)
  A gargoyle (Bailey)
  21 cane toads
  2 rime drakes
  An efreet (D:15)
  A yaktaur (D:15)
  2 anaconda simulacra (IceCv)
  A queen bee (D:10)
  4 komodo dragons
  4 tyrant leeches
  4 trolls
  A slime creature (shapeshifter) (D:15)
  A hornet (Swamp:1)
  11 dream sheep
  25 slime creatures
  20 blink frogs
  A culicivora (shapeshifter) (D:14)
  3 vampires
  2 shadows (D:11)
  A wraith (D:12)
  A spriggan (Swamp:1)
  A human (D:13)
  28 yaks
  Grum (D:9)
  A dire elephant simulacrum (IceCv)
  4 wyverns
  Eustachio (D:6)
  4 death yak simulacra (IceCv)
  A steam dragon (D:6)
  14 vampire mosquitoes
  Menkaure (D:6)
  A harpy simulacrum (IceCv)
  A swamp worm (Swamp:1)
  2 spectral cane toads (Gauntlet)
  A hydra simulacrum (IceCv)
  24 water moccasins
  3 ice beasts
  32 orc warriors
  A sky beast (D:7)
  A swamp drake (Swamp:1)
  2 black bears
  3 wolves (D:9)
  4 ogres
  17 centaurs
  2 lemures (D:6)
  2 kobold brigands
  16 bullfrogs
  2 necrophages
  7 two-headed ogre simulacra (IceCv)
  6 scorpions
  A cane toad simulacrum (IceCv)
  12 wights
  2 elephant simulacra (IceCv)
  32 killer bees
  7 vampire bats (Bailey)
  3 electric eels (Lair:5)
  7 wolf zombies (Bailey)
  7 howler monkeys
  2 hounds
  A gnoll bouda (D:4)
  13 orc priests
  2 jellies
  4 iguanas
  15 orc wizards
  5 spriggan simulacra (IceCv)
  7 troll simulacra (IceCv)
  A polar bear simulacrum (IceCv)
  3 wolf simulacra (IceCv)
  A mummy (D:10)
  9 adders
  6 gnolls
  7 naga simulacra (IceCv)
  4 white imps
  3 ufetubi (IceCv)
  3 worms
  2 dart slugs
  66 orcs
  4 ball pythons
  7 endoplasms
  3 giant cockroaches
  11 goblins
  8 hobgoblins
  6 jackals (D:2)
  10 kobolds
  6 quokkas
  6 bats
  5 frilled lizards
  24 orc zombies (Bailey)
  2 rats
721 creatures vanquished.

Vanquished Creatures (others)
  A centaur warrior (D:15)
  A bloated husk (Swamp:1)
  19 fungi
  78 plants
  5 withered plants (Gauntlet)
104 creatures vanquished.

Grand Total: 825 creatures vanquished

Notes
Turn   | Place    | Note
-------+----------+-------------------------------------------
     0 | D:1      | Muataran the Hill Orc Fighter began the quest for the Orb.
     0 | D:1      | Reached XP level 1. HP: 19/19 MP: 1/1
    86 | D:1      | Reached XP level 2. HP: 27/27 MP: 2/2
   372 | D:1      | Reached XP level 3. HP: 31/33 MP: 3/3
   525 | D:2      | Reached skill level 4 in Fighting
   795 | D:3      | Found a blossoming altar of Fedhas.
   994 | D:3      | Reached XP level 4. HP: 39/40 MP: 4/4
  1559 | D:4      | Reached XP level 5. HP: 47/47 MP: 5/5
  1636 | D:4      | Reached skill level 5 in Axes
  1648 | D:4      | HP: 2/47 [poisoned by an orc wizard]
  2027 | D:3      | Reached XP level 6. HP: 42/55 MP: 6/6
  2254 | D:4      | Reached skill level 5 in Fighting
  2302 | D:4      | Found a transporter.
  2340 | D:4      | Noticed a black bear
  2347 | D:5      | Entered Level 5 of the Dungeon
  2394 | D:5      | Noticed an ice beast
  2525 | D:5      | Reached XP level 7. HP: 57/61 MP: 7/7
  2648 | D:4      | Reached skill level 5 in Armour
  3046 | D:5      | Reached skill level 6 in Fighting
  3202 | D:6      | Found a staircase to the Ecumenical Temple.
  3214 | Temple   | Entered the Ecumenical Temple
  3219 | Temple   | Became a worshipper of Qazlal Stormbringer
  3238 | D:6      | Reached XP level 8. HP: 60/70 MP: 8/8
  3306 | D:6      | Noticed Eustachio
  3324 | D:6      | Killed Eustachio
  3325 | D:6      | Reached skill level 1 in Invocations
  3552 | D:6      | Found a shadowy altar of Dithmenos.
  3595 | D:6      | Found Sulyq's Distillery.
  3603 | D:6      | Bought 2 potions of curing for 60 gold pieces
  3603 | D:6      | Bought a potion of heal wounds for 50 gold pieces
  3603 | D:6      | Bought a potion of curing for 30 gold pieces
  3603 | D:6      | Bought a potion of curing for 30 gold pieces
  3633 | D:6      | Noticed Menkaure
  3640 | D:6      | Killed Menkaure
  4514 | D:2      | Reached * piety under Qazlal
  5585 | D:4      | Found a transporter.
  5644 | D:4      | Found a broken altar of Ashenzari.
  5648 | D:4      | Saw a vision of the Swamp and the Snake Pit.
  5648 | D:4      | Noticed a tyrant leech
  5648 | D:4      | Noticed a spriggan rider
  5648 | D:4      | Noticed a salamander
  5648 | D:4      | Noticed a black mamba
  5648 | D:4      | Noticed a mana viper
  5648 | D:4      | Noticed a mana viper
  5648 | D:4      | Noticed a spriggan rider
  5649 | D:4      | Noticed a goliath frog
  5671 | D:4      | Reached skill level 7 in Fighting
  5819 | D:4      | Found a transporter.
  5856 | D:4      | Found a transporter.
  5889 | D:4      | Found a broken altar of Ashenzari.
  6388 | D:6      | Identified 2 scrolls of acquirement
  6388 | D:6      | Acquired the ring "Zosyx" {rPois Will+ MP+9 Str+4}
  6389 | D:6      | Acquired a manual of Fighting
  6453 | D:6      | Reached skill level 10 in Axes
  6453 | D:6      | Reached XP level 9. HP: 50/79 MP: 11/11
  6509 | D:6      | Noticed Pikel
  6545 | D:6      | Killed Pikel
  6546 | D:6      | Reached skill level 8 in Fighting
  6893 | D:6      | Found a runed translucent door.
  6894 | D:6      | Noticed Crazy Yiuf
  7046 | D:7      | Reached skill level 5 in Invocations
  7259 | D:7      | Reached skill level 9 in Fighting
  7358 | D:7      | Reached ** piety under Qazlal
  7714 | D:7      | Reached XP level 10. HP: 82/91 MP: 14/14
  7810 | D:7      | Found a white marble altar of Elyvilon.
  7868 | D:7      | You fall into a shaft and drop 2 floors!
  7893 | D:9      | Reached skill level 10 in Fighting
  8073 | D:9      | Noticed Grum
  8082 | D:9      | Killed Grum
  8406 | D:8      | Found a flagged portal.
  8418 | Bailey   | Entered a bailey
  8459 | Bailey   | Noticed a gargoyle
  8467 | Bailey   | Killed a gargoyle
  8468 | Bailey   | Reached skill level 11 in Fighting
  8531 | Bailey   | Reached *** piety under Qazlal
  8619 | Bailey   | Identified the +0 ring mail of the Miller {Will+ Slay+2}
  8619 | Bailey   | Identified the +6 hand axe of Sequestration {antimagic,
                  | *Noise rPois rF+ SInv}
  9027 | D:8      | Found an ornate altar of the Wu Jian Council.
  9065 | D:8      | Noticed Amaemon
  9067 | D:8      | Noticed an orange demon
  9126 | D:8      | Killed an orange demon
  9127 | D:8      | Reached skill level 12 in Fighting
  9127 | D:8      | Reached XP level 11. HP: 24/104 MP: 17/17
  9364 | D:8      | Killed Amaemon
  9457 | D:8      | Found a shimmering blue altar of Sif Muna.
  9881 | D:7      | Found a glowing golden altar of the Shining One.
 10208 | D:9      | Found a burning altar of Makhleb.
 10554 | D:10     | Entered Level 10 of the Dungeon
 10604 | D:10     | Noticed Gastronok
 10613 | D:10     | Killed Gastronok
 10614 | D:10     | Reached skill level 15 in Axes
 10679 | D:10     | Reached skill level 13 in Fighting
 11118 | D:10     | Noticed a two-headed ogre
 11124 | D:10     | Killed a two-headed ogre
 11439 | D:10     | Found a snail-covered altar of Cheibriados.
 11489 | D:10     | Found a staircase to the Lair.
 11501 | Lair:1   | Entered Level 1 of the Lair of Beasts
 11511 | Lair:1   | Noticed a death yak
 11512 | Lair:1   | Noticed a death yak
 11514 | Lair:1   | Noticed a death yak
 11515 | Lair:1   | Noticed a death yak
 11516 | Lair:1   | Noticed a death yak
 11518 | Lair:1   | Noticed a death yak
 11808 | Lair:1   | Reached skill level 10 in Invocations
 11840 | Lair:1   | Identified the +3 chain mail of Yputasm {rN++}
 12079 | Lair:1   | Reached skill level 14 in Fighting
 12236 | Lair:1   | Reached XP level 12. HP: 108/118 MP: 19/19
 12431 | Lair:1   | Killed a death yak
 12438 | Lair:1   | Killed a death yak
 12492 | Lair:1   | Killed a death yak
 12492 | Lair:1   | Reached **** piety under Qazlal
 12498 | Lair:1   | Reached skill level 15 in Fighting
 13383 | Lair:2   | Found a runed translucent gate.
 13383 | Lair:2   | Found a runed translucent gate.
 13415 | Lair:1   | Killed a death yak
 13421 | D:10     | Killed a death yak
 13422 | D:10     | Killed a death yak
 13524 | Lair:2   | Noticed HilariousDeathArtist's ghost (journeyman MeFi)
 13536 | Lair:2   | Noticed a minotaur
 14239 | Lair:2   | Found a runed translucent gate.
 14866 | Lair:3   | Reached skill level 16 in Fighting
 14896 | Lair:3   | Found a staircase to the Swamp.
 15169 | Lair:3   | Reached XP level 13. HP: 120/130 MP: 22/22
 15240 | Lair:3   | Found a staircase to the Snake Pit.
 15741 | Lair:3   | Reached ***** piety under Qazlal
 15742 | Lair:3   | Reached skill level 17 in Fighting
 16143 | Lair:4   | Noticed Snorg
 16161 | Lair:4   | Killed Snorg
 16543 | Lair:5   | Entered Level 5 of the Lair of Beasts
 16792 | Lair:4   | Reached skill level 18 in Fighting
 17016 | Lair:5   | Reached XP level 14. HP: 122/143 MP: 24/24
 17027 | Lair:5   | Found a frozen archway.
 17035 | IceCv    | Entered an ice cave
 17199 | IceCv    | Reached ****** piety under Qazlal
 17538 | IceCv    | Reached skill level 15 in Invocations
 17731 | IceCv    | Got the Quarto of Baneful Diablerie
 18132 | Lair:5   | Reached skill level 19 in Fighting
 18840 | Lair:5   | Found a staircase to the Slime Pits.
 18948 | Lair:5   | Found a viscous altar of Jiyva.
 19935 | D:11     | Found a staircase to the Orcish Mines.
 20051 | D:11     | Reached skill level 20 in Fighting
 20500 | D:12     | Reached XP level 15. HP: 148/155 MP: 27/27
 20882 | D:13     | Found a flickering gateway to a bazaar.
 20888 | Bazaar   | Entered a bazaar
 20902 | Bazaar   | Found Paygy's Assorted Antiques.
 20902 | Bazaar   | Found Qoteheg's Assorted Antiques.
 20924 | Bazaar   | Found Yngawk's Book Shoppe.
 20940 | Bazaar   | Found Educut's Armour Shoppe.
 21166 | D:13     | Reached skill level 1 in Dodging
 21898 | D:13     | Found a gate to the Vaults.
 23370 | D:15     | Entered Level 15 of the Dungeon
 23372 | D:15     | Found a gate leading to a gauntlet.
 23378 | Gauntlet | Entered a Gauntlet
 23378 | Gauntlet | Found a transporter.
 23387 | Gauntlet | Found a transporter.
 23399 | Gauntlet | Found a transporter.
 23403 | Gauntlet | Found a transporter.
 23413 | Gauntlet | Found a transporter.
 23433 | Gauntlet | Found a transporter.
 23446 | Gauntlet | Found a transporter.
 23466 | Gauntlet | Found a transporter.
 23470 | Gauntlet | Found a transporter.
 23472 | Gauntlet | Found a runed translucent gate.
 23472 | Gauntlet | Found a runed translucent gate.
 23478 | Gauntlet | Found a transporter.
 23486 | Gauntlet | Found a runed translucent gate.
 23508 | Gauntlet | Found a transporter.
 23508 | Gauntlet | Found a transporter.
 23701 | Gauntlet | Identified the ring of Youthful Indiscretion {Fire rN+
                  | Str+4}
 23932 | Gauntlet | Got the Anthology of Nocuous Metal
 24823 | D:15     | Reached skill level 10 in Armour
 24825 | D:15     | Reached skill level 21 in Fighting
 24874 | D:15     | Found a glowing golden altar of the Shining One.
 25121 | D:15     | Found a staircase to the Depths.
 25576 | Orc:1    | Entered Level 1 of the Orcish Mines
 25578 | Orc:1    | Noticed Erolcha
 25581 | Orc:1    | Reached XP level 16. HP: 167/167 MP: 29/29
 25583 | Orc:1    | Killed Erolcha
 25908 | Orc:2    | Entered Level 2 of the Orcish Mines
 26944 | Orc:2    | Found a staircase to the Elven Halls.
 26998 | Orc:2    | Reached skill level 5 in Dodging
 27188 | Orc:2    | Found Unluphuo's Magic Scroll Emporium.
 27188 | Orc:2    | Found Liatofu's Antique Armour Shop.
 27188 | Orc:2    | Found Ynleof's Magic Scroll Boutique.
 27191 | Orc:2    | Found Kapeidy's Armour Shoppe.
 27651 | Orc:2    | Bought an ichor-stained plate armour for 616 gold pieces
 27651 | Orc:2    | Identified the +0 plate armour "Leghue" {Int+4} (You bought
                  | it in a shop on level 2 of the Orcish Mines)
 27652 | Orc:2    | Bought a pair of encrusted gloves for 209 gold pieces
 27652 | Orc:2    | Identified the +0 pair of gloves "Josewom" {*Slow Fly rElec
                  | rF-} (You bought it in a shop on level 2 of the Orcish
                  | Mines)
 27655 | Orc:2    | Bought a scroll of summoning for 123 gold pieces
 27655 | Orc:2    | Bought a scroll of teleportation for 39 gold pieces
 27655 | Orc:2    | Bought a scroll of magic mapping for 97 gold pieces
 27655 | Orc:2    | Bought a scroll of fear for 52 gold pieces
 27655 | Orc:2    | Bought a scroll of enchant weapon for 97 gold pieces
 27658 | Orc:2    | Bought a scroll of teleportation for 45 gold pieces
 27658 | Orc:2    | Bought a scroll of magic mapping for 112 gold pieces
 27658 | Orc:2    | Bought a scroll of enchant armour for 112 gold pieces
 27658 | Orc:2    | Bought a scroll of fear for 60 gold pieces
 27658 | Orc:2    | Bought a scroll of enchant weapon for 112 gold pieces
 27658 | Orc:2    | Bought a scroll of summoning for 142 gold pieces
 27886 | Swamp:1  | Entered Level 1 of the Swamp
 28247 | Swamp:1  | Noticed Donald
 28266 | Swamp:1  | Killed Donald
 28282 | Swamp:1  | Slain by a bog body

Illustrated notes

Levels and vault maps discovered:
D:1:      dpeg_arrival_leaves_temple_mockup, layout_basic
D:2:      layout_basic
D:3:      layout_loops_corners, fedhas_altar_2, minmay_misc_feat_five,
          minmay_goblin_kobold_house
D:4:      gammafunk_steamed_eel, layout_cave_pools, grunt_ashenzari_visionary
          [grunt_ashenzari_visionary_swamp, grunt_ashenzari_visionary_snake]
D:5:      layout_cave_pools
D:6:      layout_loops_ring, mainiacjoe_overflow_chevrons,
          minmay_temple_entry_stoned_glass, serial_shops, nicolae_shop_trees,
          lightli_ossuary_entry_decrepit_ruins, uniq_menkaure, uniq_eustachio,
          uniq_crazy_yiuf_cottage, uniq_pikel
D:7:      layout_rooms, mainiacjoe_overflow_catwalk, elyvilon_altar_3,
          nicolae_figureground_pulse
D:8:      layout_loops_cross, tgw_sif, nicolae_wu_jian_wuxing_cycle,
          serial_glass, glass_columns_a, glass_columns_a, glass_columns_a,
          glass_columns_b, enter_bailey_2, uniq_amaemon
D:9:      layout_long_grid, mainiacjoe_overflow_small_starburst,
          minmay_hedge_maze, uniq_grum
D:10:     layout_roguey, slow_altar_2, lair_entry_dummy, special_room
          [special_room_bee], uniq_gastronok
D:11:     layout_cave_pools, david_orc_4
D:12:     layout_cave_pools, drop_trap
D:13:     layout_cave_pools, grunt_vaults_entry_fortified, serial_shops,
          bzr_entry_road, nicolae_fountain_basement
D:14:     layout_cave_pods, kennysheep_crisscross
D:15:     gammafunk_enter_depths_forms, layout_basic, gauntlet_entry_generic,
          nrook_mini_vaults, amethyst_killhole, tso_metal_star
Temple:   nicolae_temple_ecumenical_triangle
Lair:1:   layout_layer_cave, grunt_megastairs_5, lemuel_fruit_tree
Lair:2:   layout_cave_pods, maelrawn_ghost_gauntlet_escape
Lair:3:   layout_roguey, minmay_swamp_entry_swarm,
          minmay_snake_entry_six_corridors
Lair:4:   layout_long_grid, uniq_snorg
Lair:5:   minmay_lair_end_frog_pond, layout_long_grid,
          minmay_slime_entry_oklob_open, portal_ice_cave_entry_pillars_2
Swamp:1:  nicolae_swamp_long_stream, layout_basic_swamp,
          nicolae_swamp_ascending_descending_big, uniq_donald
Orc:1:    layout_caves, uniq_erolcha
Orc:2:    st_orc_rangers, layout_diamond_mine

Skill      XL: |  1  2  3  4  5  6  7  8  9 10 11 12 13 14 15 16 |
---------------+-------------------------------------------------+-----
Axes           | 3 4 5 6 8 10 12 14 16 18 20 | 20.0
Fighting       | 4 5 6 7 9 12 14 16 18 20 21 | 21.3
Armour         | 4 5 6 7 8 10 | 10.8
Shields        | 4 |  4.0
Invocations    | 3 6 8 10 12 14 17 18 19 | 19.1
Dodging        | 4 5 |  5.3

Action                   |  1- 3 |  4- 6 |  7- 9 | 10-12 | 13-15 | 16-18 || total
-------------------------+-------+-------+-------+-------+-------+-------++-------
Melee: War axe           |    92 |   135 |   282 |       |       |       ||   509
       Battleaxe         |       |       |    27 |   481 |   740 |   164 ||  1412
Invok: Upheaval          |       |       |       |     9 |     8 |     2 ||    19
Evoke: Wand              |       |       |       |     3 |    12 |     1 ||    16
  Use: Scroll            |     2 |     1 |    16 |     9 |    11 |     1 ||    40
       Potion            |       |     4 |     1 |     9 |       |     2 ||    16
 Stab: Invisible         |       |       |       |       |       |     3 ||     3
Armor: Scale mail        |    36 |    71 |    42 |       |       |       ||   149
       Chain mail        |       |       |   103 |    83 |   435 |    66 ||   687
       Plate armour      |       |       |    19 |   283 |       |       ||   302
Dodge: Dodged            |    46 |    69 |    98 |   185 |   247 |    84 ||   729
       Repelled          |       |       |       |     1 |     2 |     1 ||     4
Block: Buckler           |    15 |    31 |    65 |       |       |       ||   111
       Other             |       |       |     2 |    96 |   210 |    59 ||   367

Table legend: (Time is in decaauts)
 A = Elapsed time spent in this place.
 B = Non-inter-level travel time spent in this place.
 C = Inter-level travel time spent in this place.
 D = Time resting spent in this place.
 E = Time spent auto-exploring this place.
 F = Levels seen in this place.
 G = Mean time per level.
                   A        B        C        D        E       F      G
               +--------+--------+--------+--------+--------+-----+--------+
         Total |  28206 |  26772 |   1434 |   4751 |  17399 |  28 | 1007.4 |
       Dungeon |  16761 |  15836 |    925 |   2655 |  10442 |  15 | 1117.4 |
        Temple |     10 |      6 |      4 |      0 |      0 |   1 |   10.0 |
          Lair |   6966 |   6600 |    366 |   1304 |   4294 |   5 | 1393.2 |
         Swamp |    231 |    231 |      0 |     14 |    153 |   1 |  231.0 |
  Orcish Mines |   2119 |   1982 |    137 |    574 |   1185 |   2 | 1059.5 |
        Bazaar |     80 |     80 |      0 |      0 |     68 |   1 |   80.0 |
        Bailey |    451 |    451 |      0 |      0 |    286 |   1 |  451.0 |
      Ice Cave |   1013 |   1013 |      0 |      0 |    809 |   1 | 1013.0 |
      Gauntlet |    571 |    571 |      0 |    203 |    162 |   1 |  571.0 |
               +--------+--------+--------+--------+--------+-----+--------+

Top non-repeatable levels by time:
  Lair:1: 1978 daAuts
   Orc:2: 1608 daAuts
     D:4: 1536 daAuts
  Lair:2: 1387 daAuts
    D:14: 1381 daAuts
    D:15: 1352 daAuts
  Lair:4: 1352 daAuts
     D:1: 1279 daAuts
  Lair:5: 1230 daAuts
    D:13: 1213 daAuts
     D:2: 1165 daAuts
     D:6: 1164 daAuts
    D:10: 1127 daAuts
     D:3: 1093 daAuts
     D:9: 1031 daAuts
